SAAA
TORTOLITA DRUMMERS @ VERMONT LAKE MONSTERS
05/13/2041
 
TOP OF THE 1ST
Tortolita Drummers batting - Pitching for Vermont Lake Monsters : RHP Kee Bao
Pitching: RHP Kee Bao
Batting: SHB Fernando Rincón 0-0: Called Strike
0-1: Called Strike
0-2: Ground out 5-3 (Groundball, 5, EV 86.2 MPH)
Batting: RHB Kevin Bates 0-0: Ground out 6-3 (Groundball, 6, EV 101.9 MPH)
Batting: LHB Rick Crockett 0-0: Fly out, F9 (Flyball, 9LS, EV 92.5 MPH)
Top of the 1st over - 0 runs, 0 hits, 0 errors, 0 left on base; Tortolita 0 - Vermont 0
BOTTOM OF THE 1ST
Vermont Lake Monsters batting - Pitching for Tortolita Drummers : LHP Will Hoffman
Pitching: LHP Will Hoffman
Batting: RHB Tim O'Brian 0-0: Ball
1-0: Called Strike
1-1: Ball
2-1: Foul Ball, location: 2F
2-2: SINGLE (Groundball, 56D, EV 112.5 MPH)
Batting: RHB Meshach Ashpenaz 0-0: Called Strike
0-1: Ball
1-1: Swinging Strike
1-2: Foul Ball, location: 2F
1-2: Foul Ball, location: 2F
1-2: Ball
2-2: Foul Ball, location: 2F
2-2: Fly out, F8 (Flyball, 89XD, EV 97.5 MPH)
Batting: SHB Senthamilselvi Manohoran 0-0: Ball
1-0: Called Strike
1-1: Foul Ball, location: 2F
1-2: Ball
2-2: Foul Ball, location: 2F
2-2: Strikes out swinging
Batting: LHB Fernando Sandoval 0-0: Ball
1-0: Ball
2-0: Ball
3-0: Called Strike
3-1: Fielders Choice at 2nd, 6-4 (Groundball, 6, EV 86.2 MPH)
Bottom of the 1st over - 0 runs, 1 hit, 0 errors, 1 left on base; Tortolita 0 - Vermont 0
TOP OF THE 2ND
Tortolita Drummers batting - Pitching for Vermont Lake Monsters : RHP Kee Bao
Batting: LHB Jin-yong Myung 0-0: Ball
1-0: Ball
2-0: Foul Ball, location: 2F
2-1: Called Strike
2-2: Ball
3-2: Strikes out swinging
Batting: RHB Keiran Calleson 0-0: Foul Ball, location: 2F
0-1: Ground out 6-3 (Groundball, 6, EV 108.1 MPH)
Batting: RHB Ken Moore 0-0: Ball
1-0: Called Strike
1-1: Fly out, F4 (Popup, 4D, EV 63.8 MPH)
Top of the 2nd over - 0 runs, 0 hits, 0 errors, 0 left on base; Tortolita 0 - Vermont 0
BOTTOM OF THE 2ND
Vermont Lake Monsters batting - Pitching for Tortolita Drummers : LHP Will Hoffman
Batting: RHB Dusty Crum 0-0: Ball
1-0: DOUBLE (Line Drive, 89D, EV 107.5 MPH)
Batting: RHB Dragoljub Kandic 0-0: Ball
1-0: Foul Ball, location: 2F
1-1: 2-RUN HOME RUN (Flyball, 89XD, EV 86.2 MPH), Distance : 404 ft
Batting: SHB Junya Furuya 0-0: Ground out 6-3 (Groundball, 6M, EV 100.6 MPH)
Batting: LHB Todd Strachota 0-0: Ball
1-0: Called Strike
1-1: Ball
2-1: Swinging Strike
2-2: Hit by Pitch
Batting: LHB John Castro 0-0: Reached on error, E6 (Groundball, 6, EV 98.8 MPH)
Todd Strachota to second
Batting: RHB Tim O'Brian 0-0: Foul Ball, location: 2F
0-1: Ball
1-1: Ball
2-1: Foul Ball, location: 2F
2-2: Fly out, F9 (Flyball, 9S, EV 86.2 MPH)
Batting: RHB Meshach Ashpenaz 0-0: Ball
1-0: 3-RUN HOME RUN (Flyball, 7D, EV 94.4 MPH), Distance : 371 ft
Batting: SHB Senthamilselvi Manohoran 0-0: Ball
1-0: Fly out, F8 (Flyball, 8LS, EV 91.2 MPH)
Bottom of the 2nd over - 5 runs, 3 hits, 1 error, 0 left on base; Tortolita 0 - Vermont 5
TOP OF THE 3RD
Tortolita Drummers batting - Pitching for Vermont Lake Monsters : RHP Kee Bao
Batting: LHB Shunso Kiyomizu 0-0: Ground out 6-3 (Groundball, 6, EV 80.6 MPH)
Batting: RHB Mason Congdon 0-0: Called Strike
0-1: SINGLE (Line Drive, 56D, EV 94.4 MPH)
Batting: RHB Scott Pearson 0-0: Foul Ball, location: 2F
0-1: Foul Ball, location: 2F
0-2: Strikes out swinging
Batting: SHB Fernando Rincón 0-0: Fly out, F8 (Line Drive, 8RM, EV 88.1 MPH)
Top of the 3rd over - 0 runs, 1 hit, 0 errors, 1 left on base; Tortolita 0 - Vermont 5
BOTTOM OF THE 3RD
Vermont Lake Monsters batting - Pitching for Tortolita Drummers : LHP Will Hoffman
Batting: LHB Fernando Sandoval 0-0: Ball
1-0: Ball
2-0: Called Strike
2-1: Called Strike
2-2: Ball
3-2: Fly out, F7 (Flyball, 7, EV 90.0 MPH)
Batting: RHB Dusty Crum 0-0: Foul Ball, location: 2F
0-1: Fly out, F8 (Flyball, 8RXD, EV 86.2 MPH)
Batting: RHB Dragoljub Kandic 0-0: Ground out 6-3 (Groundball, 6, EV 101.9 MPH)
Bottom of the 3rd over - 0 runs, 0 hits, 0 errors, 0 left on base; Tortolita 0 - Vermont 5
TOP OF THE 4TH
Tortolita Drummers batting - Pitching for Vermont Lake Monsters : RHP Kee Bao
Batting: RHB Kevin Bates 0-0: Ground out 4-3 (Groundball, 34, EV 103.1 MPH)
Batting: LHB Rick Crockett 0-0: Swinging Strike
0-1: Ball
1-1: Ball
2-1: SINGLE (Line Drive, 7S, EV 95.6 MPH)
Batting: LHB Jin-yong Myung 0-0: Foul Ball, location: 2F
0-1: Called Strike
0-2: Foul Ball, location: 2F
0-2: Strikes out swinging
Batting: RHB Keiran Calleson 0-0: Swinging Strike
0-1: Foul Ball, location: 2F
0-2: Foul Ball, location: 2F
0-2: Foul Ball, location: 2F
0-2: Foul Ball, location: 2F
0-2: Ball
1-2: Strikes out looking
Top of the 4th over - 0 runs, 1 hit, 0 errors, 1 left on base; Tortolita 0 - Vermont 5
BOTTOM OF THE 4TH
Vermont Lake Monsters batting - Pitching for Tortolita Drummers : LHP Will Hoffman
Batting: SHB Junya Furuya 0-0: SINGLE (Line Drive, 78S, EV 93.8 MPH)
Batting: LHB Todd Strachota 0-0: Ball
1-0: Fly out, F5 (Line Drive, 5, EV 71.2 MPH)
Batting: LHB John Castro 0-0: TRIPLE (Line Drive, 89XD, EV 96.9 MPH)
Junya Furuya scores
Batting: RHB Tim O'Brian 0-0: Called Strike
0-1: Ball
1-1: Swinging Strike
1-2: Ball
2-2: Ball
3-2: Strikes out swinging
Batting: RHB Meshach Ashpenaz 0-0: Ball
1-0: Ball
2-0: Fly out, F9 (Flyball, 9D, EV 87.5 MPH)
Bottom of the 4th over - 1 run, 2 hits, 0 errors, 1 left on base; Tortolita 0 - Vermont 6
TOP OF THE 5TH
Tortolita Drummers batting - Pitching for Vermont Lake Monsters : RHP Kee Bao
Batting: RHB Ken Moore 0-0: Ball
1-0: Swinging Strike
1-1: Ball
2-1: Foul Ball, location: 2F
2-2: Foul Ball, location: 2F
2-2: Fly out, F3 (Line Drive, 3, EV 64.4 MPH)
Batting: LHB Shunso Kiyomizu 0-0: Ball
1-0: Ball
2-0: TRIPLE (Flyball, 78XD, EV 95.6 MPH)
Batting: RHB Mason Congdon 0-0: Ball
1-0: Ball
2-0: Called Strike
2-1: Ball
3-1: Base on Balls
Batting: RHB Scott Pearson 0-0: Ball
1-0: Grounds into double play, 4-6-3 (Groundball, 4, EV 84.4 MPH)
Top of the 5th over - 0 runs, 1 hit, 0 errors, 1 left on base; Tortolita 0 - Vermont 6
BOTTOM OF THE 5TH
Vermont Lake Monsters batting - Pitching for Tortolita Drummers : LHP Will Hoffman
Batting: SHB Senthamilselvi Manohoran 0-0: Ball
1-0: Ground out 1-3 (Groundball, P, EV 70.6 MPH)
Batting: LHB Fernando Sandoval 0-0: Ground out 4-3 (Groundball, 4S, EV 68.8 MPH)
Batting: RHB Dusty Crum 0-0: Ball
1-0: Ball
2-0: SOLO HOME RUN (Flyball, 7D, EV 96.9 MPH), Distance : 390 ft
Pitching: RHP John Weaver
Batting: RHB Dragoljub Kandic 0-0: Called Strike
0-1: Ground out 5-3 (Groundball, 56, EV 85.6 MPH)
Bottom of the 5th over - 1 run, 1 hit, 0 errors, 0 left on base; Tortolita 0 - Vermont 7
TOP OF THE 6TH
Tortolita Drummers batting - Pitching for Vermont Lake Monsters : RHP Kee Bao
Batting: SHB Fernando Rincón 0-0: Foul Ball, location: 2F
0-1: Foul Ball, location: 2F
0-2: Ground out 6-3 (Groundball, 6, EV 80.0 MPH)
Batting: RHB Kevin Bates 0-0: Ball
1-0: Ball
2-0: Called Strike
2-1: Foul Ball, location: 2F
2-2: Strikes out looking
Batting: LHB Rick Crockett 0-0: Foul Ball, location: 2F
0-1: Swinging Strike
0-2: Ball
1-2: Strikes out swinging
Top of the 6th over - 0 runs, 0 hits, 0 errors, 0 left on base; Tortolita 0 - Vermont 7
BOTTOM OF THE 6TH
Vermont Lake Monsters batting - Pitching for Tortolita Drummers : RHP John Weaver
Batting: SHB Junya Furuya 0-0: Called Strike
0-1: Ball
1-1: Foul Ball, location: 2F
1-2: SINGLE (Line Drive, 9S, EV 101.2 MPH)
Batting: LHB Todd Strachota 0-0: Ball
1-0: Ball
2-0: Foul Ball, location: 2F
2-1: Ball
3-1: Foul Ball, location: 2F
3-2: Base on Balls
Junya Furuya to second
Batting: LHB John Castro 0-0: Ball
1-0: Called Strike
1-1: Foul Ball, location: 2F
1-2: Strikes out swinging
Batting: RHB Tim O'Brian 0-0: Foul Ball, location: 2F
0-1: Ball
1-1: Ball
2-1: Ball
3-1: Foul Ball, location: 2F
3-2: Fielders Choice at 2nd, 1-6 (Groundball, 13, EV 66.9 MPH)
Junya Furuya to third
Batting: RHB Meshach Ashpenaz 0-0: Foul Ball, location: 2F
0-1: Foul Ball, location: 2F
0-2: SINGLE (Flyball, 8LS, EV 93.8 MPH)
Junya Furuya scores
Tim O'Brian to second
Batting: SHB Senthamilselvi Manohoran 0-0: Ball
1-0: Foul Ball, location: 2F
1-1: Called Strike
1-2: Foul Ball, location: 2F
1-2: Ball
2-2: Foul Ball, location: 2F
2-2: Fly out, F9 (Line Drive, 9, EV 105.0 MPH)
Bottom of the 6th over - 1 run, 2 hits, 0 errors, 2 left on base; Tortolita 0 - Vermont 8
TOP OF THE 7TH
Tortolita Drummers batting - Pitching for Vermont Lake Monsters : RHP Kee Bao
Batting: LHB Jin-yong Myung 0-0: Ball
1-0: Called Strike
1-1: Ball
2-1: Ball
3-1: Base on Balls
Batting: RHB Keiran Calleson 0-0: SINGLE (Line Drive, 7S, EV 108.1 MPH)
Jin-yong Myung to second
Batting: RHB Ken Moore 0-0: Ball
1-0: Swinging Strike
1-1: Ball
2-1: Fly out, F9 (Flyball, 9LM, EV 87.5 MPH)
Batting: LHB Shunso Kiyomizu 0-0: Fly out, F7 (Flyball, 7, EV 86.2 MPH)
Batting: RHB Mason Congdon 0-0: Ball
1-0: Fly out, F5 (Popup, 56S, EV 83.8 MPH)
Top of the 7th over - 0 runs, 1 hit, 0 errors, 2 left on base; Tortolita 0 - Vermont 8
BOTTOM OF THE 7TH
Vermont Lake Monsters batting - Pitching for Tortolita Drummers : RHP John Weaver
Batting: LHB Fernando Sandoval 0-0: Ball
1-0: Foul Ball, location: 2F
1-1: Fly out, F9 (Flyball, 89D, EV 92.5 MPH)
Batting: RHB Dusty Crum 0-0: Ball
1-0: Foul Ball, location: 2F
1-1: Called Strike
1-2: Ball
2-2: Ground out 1-3 (Groundball, 13, EV 86.2 MPH)
Batting: RHB Dragoljub Kandic 0-0: Ball
1-0: Fly out, F4 (Popup, 4, EV 83.8 MPH)
Bottom of the 7th over - 0 runs, 0 hits, 0 errors, 0 left on base; Tortolita 0 - Vermont 8
TOP OF THE 8TH
Tortolita Drummers batting - Pitching for Vermont Lake Monsters : RHP Kee Bao
Batting: RHB Scott Pearson 0-0: Ball
1-0: Ball
2-0: Called Strike
2-1: Swinging Strike
2-2: Strikes out swinging
Pitching: RHP Luis Cuevas
Batting: SHB Fernando Rincón 0-0: Foul Ball, location: 2F
0-1: Ground out 5-3 (Groundball, 56, EV 98.1 MPH)
Batting: RHB Kevin Bates 0-0: Ball
1-0: Swinging Strike
1-1: Swinging Strike
1-2: Ball
2-2: Ball
3-2: Strikes out looking
Top of the 8th over - 0 runs, 0 hits, 0 errors, 0 left on base; Tortolita 0 - Vermont 8
BOTTOM OF THE 8TH
Vermont Lake Monsters batting - Pitching for Tortolita Drummers : RHP John Weaver
Batting: SHB Junya Furuya 0-0: Foul Ball, location: 2F
0-1: Ball
1-1: Ball
2-1: Ball
3-1: Foul Ball, location: 2F
3-2: Base on Balls
Batting: LHB Todd Strachota 0-0: Ball
1-0: Called Strike
1-1: Ball
2-1: Fly out, F8 (Flyball, 8LS, EV 75.6 MPH)
Pitching: RHP Lester Broughton
Batting: LHB John Castro 0-0: Ball
1-0: Ball
2-0: Foul Ball, location: 2F
2-1: Swinging Strike
2-2: Ball
3-2: Grounds into double play, 6-4-3 (Groundball, 6, EV 83.8 MPH)
Bottom of the 8th over - 0 runs, 0 hits, 0 errors, 0 left on base; Tortolita 0 - Vermont 8
TOP OF THE 9TH
Tortolita Drummers batting - Pitching for Vermont Lake Monsters : RHP Luis Cuevas
Batting: LHB Rick Crockett 0-0: Ball
1-0: Swinging Strike
1-1: Swinging Strike
1-2: Ball
2-2: Foul Ball, location: 2F
2-2: Ball
3-2: Strikes out looking
Batting: LHB Jin-yong Myung 0-0: Fly out, F9 (Flyball, 9, EV 84.4 MPH)
Batting: RHB Keiran Calleson 0-0: Ball
1-0: Fly out, F7 (Flyball, 7S, EV 81.9 MPH)
Top of the 9th over - 0 runs, 0 hits, 0 errors, 0 left on base; Tortolita 0 - Vermont 8
Tuesday, January 5th, 2021 - OOTP Baseball 20.8 Build 74